 Dungeon Crawl Stone Soup version 0.30-a0-738-g116ff8c4af (webtiles) character file.

Game seed: 14970601288866475321

4981 vineage the Basher (level 10, -1/64 HPs)
             Began as a Gargoyle Fighter on Feb 3, 2023.
             Was a Priest of Okawaru.
             Slain by a very large slime creature (27 damage)
             ... on level 9 of the Dungeon.
             The game lasted 00:11:24 (9157 turns).

vineage the Basher (Gargoyle Fighter)               Turns: 9157, Time: 00:11:24

Health: -1/64      AC: 34    Str: 22    XL:     10   Next: 53%
Magic:  12/12      EV: 12    Int:  9    God:    Okawaru [***...]
Gold:   170        SH:  6    Dex: 11    Spells: 9/9 levels left

rFire   . . .      SeeInvis .    a - +1 flail (protect)
rCold   + + .      Faith    .    c - +1 buckler
rNeg    + . .      Spirit   .    i - +0 chain mail
rPois   ∞          Reflect  .    n - +4 helmet "Xeyffec" {rC++ Stlth-}
rElec   +          Harm     .    u - +0 cloak
rCorr   .          Rampage  .    D - +0 pair of gloves
Will    +....                    E - +2 pair of slick slippers {slick, slippery, EV+5} Stlth
                                 (no amulet)
HPRegen 0.30/turn                y - ring of willpower
MPRegen 0.13/turn                (no ring)

@: under a protective aura
A: sickness immunity, AC +7, negative energy resistance 1, electricity
resistance, torment resistance 1, petrification resistance
a: Renounce Religion, Heroism


You were on level 9 of the Dungeon.
You worshipped Okawaru.
Okawaru was most pleased with you.
You visited 1 branch of the dungeon, and saw 9 of its levels.
You also visited: Sewer.

You collected 360 gold pieces.
You spent 190 gold pieces at shops.

Inventory:

Hand Weapons
 a - a +1 flail of protection (weapon)
 A - the +8 demon trident "Rift" {distort, reach+}
   (You found it on level 8 of the Dungeon)
Armour
 c - a +1 buckler (worn)
 i - a +0 chain mail (worn)
 n - the +4 helmet "Xeyffec" (worn) {rC++ Stlth-}
   (You bought it in a shop on level 4 of the Dungeon)

   rC:        It greatly protects you from cold.
   Stlth:     It makes you less stealthy.
 u - a +0 cloak (worn)
 D - a +0 pair of gloves (worn)
 E - the +2 pair of slick slippers (worn) {slick, slippery, EV+5}
   (You acquired it on level 8 of the Dungeon)

   Slick:     Its wearer cannot be constricted, engulfed, netted or webbed.
   Slippery:  It slips away from damaging melee attacks, pulling the attacker
   onward.
   EV:        It affects your evasion (+5).
Jewellery
 r - a +6 ring of intelligence
 y - a ring of willpower (left hand)
Wands
 t - a wand of flame (19)
 w - a wand of polymorph (12)
 x - a wand of paralysis (21)
Scrolls
 j - 5 scrolls of teleportation
 o - 3 scrolls of fear
 s - 2 scrolls of enchant weapon
Potions
 b - 2 potions of brilliance {unknown}
 d - a potion of might
 e - 6 potions of curing
 f - 4 potions of haste
 g - 2 potions of flight
 h - a potion of attraction
 k - 2 potions of mutation
 l - a potion of magic {unknown}
 m - 3 potions of ambrosia {unknown}
 p - 3 potions of lignification {unknown}
 q - a potion of invisibility {unknown}
 v - 2 potions of cancellation {unknown}
 z - a potion of resistance {unknown}
 B - a potion of degeneration {unknown}
 C - a potion of heal wounds {unknown}


   Skills:
 + Level 8.3 Fighting
 * Level 10.2 Maces & Flails
 + Level 7.5 Armour
 + Level 7.4 Shields
 - Level 3.1 Invocations


You had 9 spell levels left.
You didn't know any spells.
Your spell library contained the following spells:

 Spells                   Type           Power      Damage    Failure   Level
 Dazzling Flash           Conj/Hex       0%         N/A       100%        3
 Ozocubu's Armour         Ice            0%         N/A       100%        3
 Iskenderun's Mystic Bla  Conj/Tloc      0%         2d3       100%        4
 Starburst                Conj/Fire      0%         6d3       100%        6
 Ozocubu's Refrigeration  Ice            0%         4d7       100%        7


Dungeon Overview and Level Annotations

Branches:
Dungeon (9/15)             Temple (0/1) D:6           Sewer (visited)
   Lair: D:8-11         Orc: D:9-12

Altars:
Hepliaklqana
Makhleb
Okawaru
Wu Jian
Xom
The Shining One

Shops:
D:4 [   D:6 *   D:8 [

Annotations:
D:8 2 transporters, Stoves66's ghost, novice DjAE
D:9 Psyche


Innate Abilities, Weirdness & Mutations

You are immune to sickness and miasma.
Your stone body is resilient. (AC +7)
You are immune to poison.
You resist negative energy. (rN+)
You are resistant to electric shocks. (rElec)
You are resistant to unholy torment.
You are immune to petrification.


Message History

The slime creature hits you but does no damage.
You block the slime creature's attack.
You hit the slime creature.
The slime creature is heavily wounded.
You sock the slime creature!
The slime creature is severely wounded.
You block the slime creature's attack.
Two slime creatures merge to form a large slime creature.
You barely miss the large slime creature.
The large slime creature is heavily wounded.
The slime creature misses you. The large slime creature hits you.
You slip backwards!
You sock the large slime creature!
The large slime creature is heavily wounded.
You sock the large slime creature!
The large slime creature is heavily wounded.
Two slime creatures merge to form a very large slime creature.
You hit the very large slime creature.
The very large slime creature is moderately wounded.
The very large slime creature closely misses you.
You hit the very large slime creature.
The very large slime creature is moderately wounded.
You block the very large slime creature's attack.
You hit the very large slime creature.
The very large slime creature is moderately wounded.
You feel like a meek peon again.
You hit the very large slime creature.
The very large slime creature is moderately wounded.
The very large slime creature hits you!
You slip backwards!
You hit the very large slime creature but do no damage.
The very large slime creature is moderately wounded.
The very large slime creature hits you!!
You slip backwards!
You are too injured to fight recklessly!
You are too injured to fight recklessly!
You are too injured to fight recklessly!
You sock the very large slime creature!
The very large slime creature is heavily wounded.
The very large slime creature hits you!!
You die...

#...##.##.# #.
#.###.....# #.
##.###..#### #.
#####.......#
####.##..........##
........###...#.##
###..#........#.#
###......###.#..#.#
#......@J.†....##.#
..#.....###..##...#
#.....###.###.#......
#.....##..##....#.###
###.............## #
........##......#
.##..##.##......# #..
...#.....##
l...........


You could see a very large slime creature.

Vanquished Creatures
  2 unseen horror zombies (D:8)
  A hornet (D:7)
  A wraith (D:8)
  A steam dragon (D:8)
  2 wyverns
  A water moccasin (D:7)
  4 ogres
  3 centaurs
  3 kobold brigands (D:8)
  A phantom (D:6)
  7 bullfrogs
  A gnoll sergeant (D:8)
  A wyvern zombie (D:8)
  4 scorpions
  14 wights
  3 killer bees (D:8)
  5 howler monkeys
  2 centaur zombies (D:8)
  5 hounds
  Crazy Yiuf (D:5)
  3 orc priests
  3 iron imps (D:3)
  Terence (D:2)
  3 iguanas
  Natasha (thrice) (D:4)
  An orc wizard (D:7)
  A killer bee zombie (D:8)
  8 adders
  12 gnolls
  2 shadow imps (D:6)
  An ufetubus (D:7)
  A worm (D:4)
  3 dart slugs
  8 orcs
  6 ball pythons
  7 endoplasms
  7 giant cockroaches
  15 goblins
  5 hobgoblins
  2 jackals (D:1)
  6 quokkas
  6 bats
  7 frilled lizards
  19 kobolds
  8 rats
200 creatures vanquished.

Vanquished Creatures (others)
  11 withered plants (D:8)
11 creatures vanquished.

Grand Total: 211 creatures vanquished

Notes
Turn   | Place    | Note
-------+----------+-------------------------------------------
     0 | D:1      | vineage the Gargoyle Fighter began the quest for the Orb.
     0 | D:1      | Reached XP level 1. HP: 14/14 MP: 1/1
   143 | D:1      | Reached XP level 2. HP: 16/19 MP: 2/2
   640 | D:1      | Reached skill level 3 in Maces & Flails
   730 | D:1      | Reached XP level 3. HP: 24/24 MP: 3/3
  1456 | D:2      | Reached XP level 4. HP: 27/29 MP: 4/4
  1556 | D:2      | Noticed Terence
  1564 | D:2      | Killed Terence
  1823 | D:3      | Reached skill level 4 in Maces & Flails
  2219 | D:3      | Found a glowing drain.
  2236 | Sewer    | Entered a sewer
  2266 | Sewer    | Reached XP level 5. HP: 34/34 MP: 5/5
  2685 | D:3      | Found a burning altar of Makhleb.
  2715 | D:3      | Reached skill level 5 in Maces & Flails
  2943 | D:4      | Reached XP level 6. HP: 40/40 MP: 6/6
  3069 | D:4      | Reached skill level 5 in Fighting
  3204 | D:4      | Found Topsuvynk's Antique Armour Boutique.
  3215 | D:4      | Reached XP level 7. HP: 41/44 MP: 7/7
  3378 | D:4      | Noticed Natasha
  3385 | D:4      | Killed Natasha
  3530 | D:4      | Noticed Natasha
  3540 | D:4      | Killed Natasha
  3680 | D:4      | Noticed Natasha
  3690 | D:4      | Killed Natasha
  3805 | D:5      | Entered Level 5 of the Dungeon
  3832 | D:5      | Found an ornate altar of the Wu Jian Council.
  3832 | D:5      | Found a hazy altar of Hepliaklqana.
  3844 | D:5      | Reached skill level 6 in Maces & Flails
  3851 | D:5      | Found an iron altar of Okawaru.
  3853 | D:5      | Found a shimmering altar of Xom.
  3855 | D:5      | Found a glowing golden altar of the Shining One.
  3860 | D:5      | Became a worshipper of Warmaster Okawaru
  4402 | D:5      | Found a runed translucent door.
  4403 | D:5      | Noticed Crazy Yiuf
  5001 | D:5      | Killed Crazy Yiuf
  5002 | D:5      | Reached XP level 8. HP: 39/51 MP: 8/8
  5175 | D:4      | Bought a fading helmet for 190 gold pieces
  5175 | D:4      | Identified the +4 helmet "Xeyffec" {rC++ Stlth-} (You
                  | bought it in a shop on level 4 of the Dungeon)
  5349 | D:6      | Reached * piety under Okawaru
  5363 | D:6      | Reached skill level 7 in Maces & Flails
  5368 | D:6      | Reached skill level 5 in Armour
  5631 | D:6      | Reached skill level 5 in Shields
  5893 | D:6      | Found Satsit's General Store.
  5930 | D:6      | Reached skill level 1 in Invocations
  6487 | D:6      | Found a staircase to the Ecumenical Temple.
  6882 | D:7      | Reached XP level 9. HP: 56/56 MP: 10/10
  7031 | D:7      | Reached skill level 8 in Maces & Flails
  7361 | D:7      | Noticed a hornet
  7368 | D:7      | Killed a hornet
  7368 | D:7      | Reached ** piety under Okawaru
  7586 | D:8      | Found the +8 demon trident "Rift" {distort, reach+}
  7862 | D:8      | Reached skill level 9 in Maces & Flails
  7924 | D:8      | Found Anwunon's Antique Armour Shoppe.
  7936 | D:8      | Reached *** piety under Okawaru
  8001 | D:8      | Reached XP level 10. HP: 44/64 MP: 12/12
  8229 | D:8      | Found a flagged portal.
  8558 | D:8      | Reached skill level 10 in Maces & Flails
  8745 | D:8      | Noticed Stoves66's ghost (novice DjAE)
  8746 | D:8      | Found a transporter.
  8762 | D:8      | Noticed a moth of wrath
  8774 | D:8      | Found a transporter.
  8852 | D:8      | Identified a scroll of acquirement
  8852 | D:8      | Acquired the +2 pair of slick slippers {slick, slippery,
                  | EV+5}
  8852 | D:8      | Found the +2 pair of slick slippers {slick, slippery, EV+5}
  9116 | D:9      | Noticed Psyche
  9157 | D:9      | Slain by a very large slime creature

Illustrated notes

Levels and vault maps discovered:
D:1:      dpeg_arrival_simpleton_a, layout_basic, minmay_misc_feat_tiny
D:2:      layout_loops_corners, uniq_terence
D:3:      layout_basic, demons_altar, portal_sewer_entry_f
D:4:      layout_cave_pools, serial_shops, nicolae_shop_stone, uniq_natasha
D:5:      layout_loops_corners, chequers_temple_overflow_minitemple,
          uniq_crazy_yiuf_cottage
D:6:      layout_layer_cave, minmay_temple_entry_overgrown, serial_shops,
          kennysheep_mini_moat, due_unseen_surprise
D:7:      layout_loops_cross
D:8:      layout_rooms, serial_shops, shop, serial_undead, serial_undead_c,
          serial_undead_b, serial_undead_b, serial_undead_d, serial_undead_b,
          serial_undead_d, serial_undead_a, gammafunk_ghost_berserking_beasts,
          enter_bailey_3
D:9:      layout_rooms, serial_shops, nicolae_shop_statue_plus,
          nicolae_shop_competitors_out_of_business, nicolae_shop_crystal,
          uniq_psyche

Skill      XL: |  1  2  3  4  5  6  7  8  9 10 |
---------------+-------------------------------+-----
Maces & Flails | 3 4 5 6 7 9 10 | 10.2
Fighting       | 4 5 6 7 8 |  8.3
Armour         | 4 5 6 7 |  7.5
Shields        | 4 5 6 7 |  7.4
Invocations    | 2 3 |  3.1

Action                     |  1- 3 |  4- 6 |  7- 9 | 10-12 || total
---------------------------+-------+-------+-------+-------++-------
  Melee: Flail             |   115 |   210 |   383 |   193 ||   901
 Invoke: Heroism           |       |       |     2 |     2 ||     4
    Use: Scroll            |     2 |     7 |     7 |     1 ||    17
         Potion            |       |     2 |     4 |       ||     6
 Armour: Scale mail        |    69 |   117 |    24 |       ||   210
         Chain mail        |       |       |   262 |   153 ||   415
  Dodge: Dodged            |    63 |    90 |   153 |    91 ||   397
  Block: Buckler           |    27 |    43 |   130 |    72 ||   272

Table legend: (Time is in decaauts)
 A = Elapsed time spent in this place.
 B = Non-inter-level travel time spent in this place.
 C = Inter-level travel time spent in this place.
 D = Time resting spent in this place.
 E = Time spent auto-exploring this place.
 F = Levels seen in this place.
 G = Mean time per level.
                   A        B        C        D        E       F      G
               +--------+--------+--------+--------+--------+-----+--------+
         Total |   9306 |   8926 |    380 |    771 |   6394 |  10 |  930.6 |
       Dungeon |   8859 |   8479 |    380 |    771 |   6126 |   9 |  984.3 |
         Sewer |    447 |    447 |      0 |      0 |    268 |   1 |  447.0 |
               +--------+--------+--------+--------+--------+-----+--------+

Top non-repeatable levels by time:
     D:5: 1583 daAuts
     D:6: 1443 daAuts
     D:8: 1353 daAuts
     D:1: 961 daAuts
     D:4: 913 daAuts
     D:2: 881 daAuts
     D:7: 851 daAuts
     D:3: 775 daAuts
   Sewer: 447 daAuts
     D:9: 97 daAuts
